 Seeded DCSS version 0.29.1-15-g9cfb28693d (webtiles) character file.

Game seed: 1005979220513258592 (custom seed)

163 Psyclone the Magician (level 5, -4/28 HPs)
             Began as a Deep Elf Fire Elementalist on Sept 21, 2023.
             Slain by a gnoll bouda
             ... wielding a +0 whip
              (8 damage)
             ... on level 4 of the Dungeon.
             The game lasted 00:05:29 (3447 turns).

Psyclone the Magician (Deep Elf Fire Elementalist)  Turns: 3447, Time: 00:05:29

Health: -4/28      AC:  4    Str:  5    XL:     5   Next: 20%
Magic:  9/14       EV: 12    Int: 22    God:
Gold:   255        SH:  0    Dex: 15    Spells: 12/13 levels left

rFire   . . .      SeeInvis .   e - +0 dagger (speed)
rCold   . . .      Faith    .   (no shield)
rNeg    . . .      Spirit   .   a - +0 robe
rPois   +          Reflect  .   (no helmet)
rElec   .          Harm     .   r - +0 cloak
rCorr   .          Rampage  .   (no gloves)
Will    .....                   o - +0 pair of boots
Stlth   ++........              (no amulet)
HPRegen 0.09/turn               p - ring of poison resistance
MPRegen 0.14/turn               (no ring)

@: no status effects
A: no striking features
a: no special abilities


You were on level 4 of the Dungeon.
You visited 1 branch of the dungeon, and saw 4 of its levels.

You collected 255 gold pieces.

Inventory:

Hand Weapons
 e - a +0 dagger of speed (weapon)
Armour
 a - a +0 robe (worn)
 o - a +0 pair of boots (worn)
 r - a +0 cloak (worn)
Jewellery
 p - a ring of poison resistance (left hand)
Scrolls
 g - 2 scrolls of acquirement {unknown}
 h - 2 scrolls of enchant weapon {unknown}
 j - 3 scrolls of vulnerability {unknown}
 k - a scroll of immolation {unknown}
 n - 3 scrolls of identify {unknown}
Potions
 b - a potion of magic
 c - 2 potions of cancellation {unknown}
 d - 3 potions of lignification {unknown}
 f - a potion of haste {unknown}
 i - 2 potions of mutation {unknown}
 l - a potion of resistance {unknown}
 m - a potion of brilliance {unknown}
 q - 3 potions of might {unknown}
 s - a potion of attraction {unknown}
 t - a potion of curing {unknown}
 u - a potion of heal wounds {unknown}


   Skills:
 - Level 2.4 Dodging
 - Level 2.4 Stealth
 + Level 4.8 Spellcasting
 + Level 3.2 Conjurations
 + Level 4.7 Fire Magic


You had 12 spell levels left.
You knew the following spells:

 Your Spells              Type           Power      Damage    Failure   Level
a - Foxfire               Conj/Fire      88%        2x1d8     1%          1

Your spell library contained the following spells:

 Spells                   Type           Power      Damage    Failure   Level
 Scorch                   Fire           52%        2d7       2%          2
 Conjure Flame            Conj/Fire      22%        6-21      6%          3
 Inner Flame              Hex/Fire       15%        N/A       12%         3
 Blink                    Tloc           10%        N/A       16%         2
 Flame Wave               Conj/Fire      22%        2d8       21%         4
 Lesser Beckoning         Tloc           5%         N/A       30%         3
 Manifold Assault         Tloc           5%         N/A       96%         5


Dungeon Overview and Level Annotations

Branches:
Dungeon (4/15) Zot: 20551
 Temple: D:4-7

Altars:


Message History

Casting: Foxfire (safe; 1% risk of failure)
Confirm with . or Enter, or press ? or * to list all spells.
You conjure some foxfire!
You now have 11/14 mp.
The foxfire hits the gnoll bouda but does no damage.
Casting: Foxfire (safe; 1% risk of failure)
Confirm with . or Enter, or press ? or * to list all spells.
You conjure some foxfire!
The foxfire hits the gnoll bouda but does no damage.
You now have 10/14 mp.
The foxfire hits the gnoll bouda but does no damage.
The foxfire hits the gnoll bouda.
The gnoll bouda is lightly wounded.
Casting: Foxfire (safe; 1% risk of failure)
Confirm with . or Enter, or press ? or * to list all spells.
You conjure some foxfire!
The gnoll hits you with a +0 club!
The gnoll bouda hits you with a +0 whip.
You take 11 damage, and have 17/28 hp.
MASSIVE DAMAGE!!
You now have 9/14 mp.
The foxfire hits the gnoll bouda!
The gnoll bouda is heavily wounded.
The foxfire hits the gnoll bouda but does no damage.
The gnoll bouda is heavily wounded.
The gnoll barely misses you. The gnoll bouda barely misses you.
Casting: Foxfire (safe; 1% risk of failure)
Confirm with . or Enter, or press ? or * to list all spells.
You conjure some foxfire!
The gnoll hits you with a +0 club.
The gnoll bouda hits you but does no damage.
You take 4 damage, and have 13/28 hp.
You now have 9/14 mp.
The foxfire hits the gnoll bouda but does no damage.
The gnoll bouda is heavily wounded.
The foxfire hits the gnoll bouda.
The gnoll bouda is heavily wounded.
The gnoll hits you with a +0 club. The gnoll bouda closely misses you.
You take 3 damage, and have 10/28 hp.
The gnoll attacks as you move away! The gnoll hits you with a +0 club.
* * * LOW HITPOINT WARNING * * *
You take 6 damage, and have 4/28 hp.
MASSIVE DAMAGE!!
The gnoll bouda attacks as you move away!
The gnoll bouda hits you with a +0 whip!
You die...

.. # #.#. #...
#..### ....
#.†# ##..#
##...# ###g@#§#
.##..g##'####
..............#
.#.#.#.....[..#
... #........#
#####........#
..........####
###.........#
#.........#


You could see a gnoll bouda and a gnoll (swift).

Vanquished Creatures
  Crazy Yiuf (D:2)
  Jessica (D:2)
  2 gnolls (D:4)
  2 adders
  5 worms
  5 ball pythons
  3 bats
  7 endoplasms
  2 giant cockroaches (D:1)
  5 goblins
  8 hobgoblins
  2 jackals (D:1)
  A quokka (D:2)
  3 frilled lizards (D:1)
  4 kobolds
  5 rats
56 creatures vanquished.

Vanquished Creatures (others)
  265 foxfires
265 creatures vanquished.

Grand Total: 321 creatures vanquished

Notes
Turn   | Place    | Note
-------+----------+-------------------------------------------
     0 | D:1      | Psyclone the Deep Elf Fire Elementalist began the quest for
                  | the Orb.
     0 | D:1      | Reached XP level 1. HP: 10/10 MP: 6/6
   435 | D:1      | Reached XP level 2. HP: 15/15 MP: 6/8
  1215 | D:2      | Reached XP level 3. HP: 16/19 MP: 6/10
  1363 | D:2      | Noticed Jessica
  1366 | D:2      | Killed Jessica
  1709 | D:2      | Reached XP level 4. HP: 24/24 MP: 7/12
  2102 | D:2      | Found a runed translucent door.
  2103 | D:2      | Noticed Crazy Yiuf
  2126 | D:2      | Killed Crazy Yiuf
  2488 | D:3      | Found a faded altar of an unknown god.
  3321 | D:4      | Reached XP level 5. HP: 28/28 MP: 8/14
  3447 | D:4      | Slain by a gnoll bouda

Illustrated notes

Levels and vault maps discovered:
D:1:      lemuel_arrival_hallway, layout_basic,
          amcnicky_mini_rare_corridor_liquid
D:2:      layout_rooms, dk_noncrumbling_3, chequers_serial_rivers_room_a,
          uniq_crazy_yiuf_cottage, uniq_jessica
D:3:      layout_basic, hellmonk_ecumenical_altar_pennies_from_heaven,
          grunt_ministairs_3
D:4:      layout_basic, yredelemnul_forgotten_temple_becter,
          nicolae_shop_overcharged_wands, uniq_menkaure

Skill      XL: |  1  2  3  4 |
---------------+-------------+-----
Conjurations   | 2 3 |  3.2
Spellcasting   | 4 |  4.8
Fire Magic     | 4 |  4.7
Dodging        | |  2.4
Stealth        | |  2.4

Action                   |  1- 3 |  4- 6 || total
-------------------------+-------+-------++-------
Melee: Dagger            |     1 |       ||     1
 Cast: Foxfire           |    82 |    69 ||   151
Armor: Robe              |     1 |     2 ||     3
Dodge: Dodged            |    12 |     8 ||    20
